 Dungeon Crawl Stone Soup version 0.21.1-1-g345015fe64 (webtiles) character file.

34672 Danqa the Cleaver (level 13, -1/118 HPs)
             Began as a Minotaur Fighter on Mar 26, 2018.
             Was a Believer of Uskayaw.
             Slain by an 11-headed hydra (7 damage)
             ... on level 15 of the Dungeon.
             The game lasted 00:53:32 (16681 turns).

Danqa the Cleaver (Minotaur Fighter)               Turns: 16681, Time: 00:53:33

Health: -1/118     AC: 12    Str: 25    XL:     13   Next: 43%
Magic:  12/16      EV: 14    Int:  7    God:    Uskayaw [**....]
Gold:   788        SH: 13    Dex: 11    Spells: 11/12 levels left

rFire    + + .     SeeInvis .   h - +1 broad axe
rCold    . . .     Gourm    .   c - +0 shield
rNeg     + . .     Faith    .   E - +1 scale mail "Ojeav" {rF+ rN+ Int+2}
rPois    .         Spirit   .   (helmet restricted)
rElec    .         Reflect  .   (no cloak)
rCorr    .         Harm     .   I - +0 pair of gloves
MR       .....                  (no boots)
Stlth    ..........             J - amulet of magic regeneration
HPRegen  0.29/turn              s - ring of protection from fire
MPRegen  0.40/turn              B - ring of wizardry

@: no status effects
A: retaliatory headbutt, horns 2
a: Stomp, Line Pass, Renounce Religion


You were on level 15 of the Dungeon.
You worshipped Uskayaw.
Uskayaw was noncommittal.
You were hungry.

You visited 2 branches of the dungeon, and saw 16 of its levels.

You collected 1038 gold pieces.
You spent 250 gold pieces at shops.

Inventory:

Hand Weapons
 a - a +0 war axe
 h - a +1 broad axe (weapon)
 n - a +2 vampiric hand axe
 G - a +4 hand axe
Armour
 c - a +0 shield (worn)
 E - the +1 scale mail "Ojeav" (worn) {rF+ rN+ Int+2}
   (You found it on level 9 of the Dungeon)

   It affects your intelligence (+2).
   It protects you from fire.
   It protects you from negative energy.
 I - a +0 pair of gloves (worn)
Jewellery
 s - a ring of protection from fire (left hand)
 B - a ring of wizardry (right hand)
 J - an amulet of magic regeneration (around neck)
 P - an uncursed ring of wizardry
Wands
 j - a wand of enslavement (16)
 l - a wand of paralysis (11)
 t - a wand of flame (24)
 y - a wand of iceblast (6)
 H - a wand of scattershot (10)
Scrolls
 b - a scroll of enchant weapon
 e - 6 scrolls of enchant armour
 k - 6 scrolls of fog
 m - 5 scrolls of remove curse
 p - 2 scrolls of fear
 q - 2 scrolls of noise
 v - a scroll of blinking
 w - 3 scrolls of amnesia
 z - a scroll of vulnerability
 C - 2 scrolls of immolation
 D - 3 scrolls of random uselessness
 N - a scroll of holy word
Potions
 d - 4 potions of might
 i - 4 potions of haste
 o - a potion of curing
 r - 3 potions of lignification
 u - a potion of cancellation
 x - 3 potions of flight
 A - a potion of brilliance
 F - a potion of heal wounds
 L - a potion of degeneration
 O - a potion of agility
 Q - a potion of mutation {unknown}
Books
 g - a book of Battle

   Spells                             Type                      Level
   a - Infusion                       Charms                       1
   b - Shroud of Golubria             Charms/Translocation         2
   c - Song of Slaying                Charms                       2
   d - Spectral Weapon                Hexes/Charms                 3
   e - Regeneration                   Charms/Necromancy            3
 K - a book of Maledictions

   Spells                             Type                      Level
   a - Corona                         Hexes                        1
   b - Ensorcelled Hibernation        Hexes/Ice                    2
   c - Confuse                        Hexes                        3
   d - Tukima's Dance                 Hexes                        3
   e - Dazzling Spray                 Conjuration/Hexes            3
 M - a book of Cantrips

   Spells                             Type                      Level
   a - Confusing Touch                Hexes                        1
   b - Animate Skeleton               Necromancy                   1
   c - Summon Small Mammal            Summoning                    1
   d - Apportation                    Translocation                1
 R - a book of Air

   Spells                             Type                      Level
   a - Shock                          Conjuration/Air              1
   b - Swiftness                      Charms/Air                   2
   c - Static Discharge               Conjuration/Air              3
   d - Airstrike                      Air                          4
   e - Lightning Bolt                 Conjuration/Air              5
Comestibles
 f - 10 rations
 S - 7 chunks of flesh


   Skills:
 + Level 12.0 Fighting
 + Level 14.3 Axes
 + Level 13.0 Armour
 * Level 9.6 Dodging
 - Level 1.1 Stealth
 - Level 12.3 Shields
 * Level 5.6 Evocations


You had 11 spell levels left.
You knew the following spells:

 Your Spells              Type           Power        Failure   Level  Hunger
a - Infusion              Chrm           #...         43%         1    ##.....


Dungeon Overview and Level Annotations

Branches:
Dungeon (15/15)            Temple (1/1) D:7            Lair (0/6) D:11
    Orc (0/2) D:10         Vaults (0/5) D:14
 Depths: D:15

Altars:
Cheibriados
Dithmenos
Elyvilon
Fedhas
Gozag
Hepliaklqana
Makhleb
Nemelex Xobeh
Okawaru
Qazlal
Ru
Sif Muna
Trog
Uskayaw
Vehumet
Wu Jian
Xom
Yredelemnul
Zin
The Shining One

Shops:
D:6 %   D:11 *


Innate Abilities, Weirdness & Mutations

You reflexively headbutt those who attack you in melee.
You have a pair of horns on your head.


Message History

The 11-headed hydra bites you.
* * * LOW HITPOINT WARNING * * *
The 11-headed hydra bites you but does no damage.
The 11-headed hydra barely misses you.
Aiming: Line Pass
Press: ? - help, Dir - move target cursor The 11-headed hydra appears confused.
You feel somewhat more hungry.
You block the 11-headed hydra's attack. x2
The 11-headed hydra closely misses you. x2
The 11-headed hydra bites you but does no damage. x2
The 11-headed hydra bites you.
* * * LOW HITPOINT WARNING * * *
The 11-headed hydra bites you.
* * * LOW HITPOINT WARNING * * *
The 11-headed hydra bites you!
* * * LOW HITPOINT WARNING * * *
The 11-headed hydra bites you!
* * * LOW HITPOINT WARNING * * *
The 11-headed hydra bites you!
You die...

#...........#
#........##.#
#...#....##.#
#...#....##.#
#...........#
#.....#######
#.###.#
#.###.#
#..@D.#
#....##
#....+ #....#
#.##.# #. ..#
#. ..# #. ..


You could see a 11-headed hydra (confused).

Vanquished Creatures
  Josephine (D:14)
  4 vault guards (D:14)
  A centaur warrior (D:13)
  7 two-headed ogres
  An ogre mage (D:14)
  The ghost of Fuxmar the Magician, a novice HuWz of Qazlal (D:8)
  An unseen horror (D:14)
  2 orc knights
  4 deep elf magi
  Pikel (D:5)
  3 cyclopes
  An ugly thing (D:11)
  A manticore (D:14)
  Maurice (D:11)
  5 centaur zombies
  Psyche (D:9)
  3 gargoyles
  A tengu conjurer (D:14)
  5 trolls
  3 meliai (D:14)
  3 hornets
  3 meliai zombies
  A hippogriff (D:12)
  4 hogs (D:10)
  A vampire (D:14)
  2 humans
  4 wraiths (D:14)
  2 shadows
  Eustachio (D:5)
  4 yaks (D:9)
  4 vampire mosquitoes (D:14)
  2 hungry ghosts
  A water moccasin (D:10)
  Duvessa (D:6)
  7 orc warriors
  5 ice beasts
  2 sky beasts
  3 black bears
  3 phantoms
  3 eyes of draining
  4 centaurs
  7 ogres
  2 crocodiles (D:11)
  A big kobold (D:12)
  A wyvern zombie (D:8)
  3 bullfrogs
  A gnoll sergeant (D:10)
  Dowan (D:6)
  7 scorpions
  3 killer bees (D:8)
  18 wights
  4 howler monkeys
  3 electric eels (D:10)
  3 crimson imps
  A bullfrog zombie (D:11)
  2 jellies
  2 bullfrog skeletons
  A gnoll shaman (D:4)
  6 hounds
  9 orc priests
  2 centaur skeletons
  4 iguanas
  4 worker ants
  7 orc wizards
  A hound zombie (D:6)
  2 hound skeletons
  2 worker ant zombies (D:5)
  13 gnolls
  A howler monkey skeleton (D:10)
  13 adders
  3 oozes
  2 adder zombies
  2 dart slugs
  8 leopard geckos
  59 orcs
  A giant cockroach (D:2)
  7 goblins
  3 hobgoblins
  6 jackals
  14 kobolds
  6 quokkas
  18 bats
  A leopard gecko zombie (D:5)
  7 rats
  4 fungi (D:4)
  A plant (D:11)
373 creatures vanquished.

Vanquished Creatures (others)
  An ice beast (D:5)
  A hound (D:14)
  A centaur skeleton (D:5)
  2 gnolls (D:10)
  An adder (D:10)
  A quokka (D:5)
  A fungus (D:4)
8 creatures vanquished.

Grand Total: 381 creatures vanquished

Notes
Turn   | Place    | Note
-------+----------+-------------------------------------------
     0 | D:1      | Danqa the Minotaur Fighter began the quest for the Orb.
     0 | D:1      | Reached XP level 1. HP: 19/19 MP: 0/0
    64 | D:1      | Reached XP level 2. HP: 20/27 MP: 1/1
   585 | D:2      | Reached XP level 3. HP: 30/33 MP: 2/2
   856 | D:2      | Reached skill level 3 in Axes
  1363 | D:3      | Reached XP level 4. HP: 40/40 MP: 3/3
  1499 | D:3      | Found a shimmering altar of Xom.
  1576 | D:3      | Found a shimmering altar of Xom.
  1576 | D:3      | Found a shimmering altar of Xom.
  1578 | D:3      | Found a shimmering altar of Xom.
  1592 | D:3      | Found a shimmering altar of Xom.
  1592 | D:3      | Found a shimmering altar of Xom.
  1595 | D:3      | Found a shimmering altar of Xom.
  1618 | D:3      | Found a stormy altar of Qazlal.
  1838 | D:4      | HP: 2/40 [gnoll/spear (4)]
  2155 | D:4      | Reached skill level 1 in Dodging
  2155 | D:4      | Reached skill level 5 in Shields
  2155 | D:4      | Reached XP level 5. HP: 43/47 MP: 4/4
  2380 | D:4      | Reached skill level 4 in Axes
  2424 | D:4      | Reached skill level 5 in Armour
  2446 | D:4      | Reached XP level 6. HP: 10/53 MP: 5/5
  3409 | D:4      | Reached skill level 5 in Axes
  3449 | D:4      | Reached XP level 7. HP: 58/60 MP: 6/6
  3517 | D:4      | Reached skill level 6 in Axes
  3577 | D:5      | Entered Level 5 of the Dungeon
  3651 | D:5      | Reached skill level 5 in Fighting
  3964 | D:5      | Noticed Pikel
  3984 | D:5      | Reached skill level 9 in Axes
  3984 | D:5      | Reached skill level 10 in Armour
  3984 | D:5      | Reached skill level 5 in Dodging
  3984 | D:5      | Reached XP level 8. HP: 8/74 MP: 7/7
  3988 | D:5      | Killed Pikel
  3988 | D:5      | Reached XP level 9. HP: 12/81 MP: 8/8
  4290 | D:5      | Reached skill level 10 in Axes
  4290 | D:5      | Reached skill level 10 in Shields
  4290 | D:5      | Reached XP level 10. HP: 91/91 MP: 9/9
  4459 | D:5      | Noticed Eustachio
  4478 | D:5      | Killed Eustachio
  4984 | D:6      | Noticed Duvessa
  4984 | D:6      | Noticed Dowan
  4994 | D:6      | Killed Duvessa
  5017 | D:6      | Killed Dowan
  5344 | D:6      | Found Kufrumu's Food Emporium.
  5816 | D:7      | Found a staircase to the Ecumenical Temple.
  5833 | Temple   | Entered the Ecumenical Temple
  5925 | Temple   | Became a worshipper of Uskayaw the Reveler
  6407 | D:8      | Reached * piety under Uskayaw
  6411 | D:8      | Reached ** piety under Uskayaw
  6414 | D:8      | Reached *** piety under Uskayaw
  6416 | D:8      | Reached **** piety under Uskayaw
  6562 | D:8      | Noticed Fuxmar's ghost (novice HuWz)
  6619 | D:7      | HP: 4/91 [poisoned by Fuxmar's ghost]
  6627 | D:7      | HP: 4/91 [poisoned by Fuxmar's ghost]
  6978 | D:7      | Learned a level 1 spell: Infusion
  7051 | D:8      | Reached skill level 11 in Axes
  7334 | D:8      | Killed Fuxmar's ghost
  7334 | D:8      | Reached skill level 1 in Stealth
  8068 | D:9      | Noticed Psyche
  8077 | D:9      | Reached skill level 1 in Evocations
  8082 | D:9      | Killed Psyche
  8082 | D:9      | Reached XP level 11. HP: 53/99 MP: 10/10
  8295 | D:9      | Noticed a two-headed ogre
  8307 | D:9      | Killed a two-headed ogre
  8307 | D:9      | Reached skill level 10 in Fighting
  8314 | D:9      | Reached ***** piety under Uskayaw
  8653 | D:9      | Found a deep blue altar of Sif Muna.
  8653 | D:9      | Noticed a deep elf mage
  8653 | D:9      | Noticed a deep elf mage
  8675 | D:9      | Killed a deep elf mage
  9019 | D:9      | Got a pitted scale mail
  9030 | D:9      | Identified the +1 scale mail "Ojeav" {rF+ rN+ Int+2} (You found it on level 9 of the Dungeon)
  9101 | D:9      | Killed a deep elf mage
  9231 | D:10     | Entered Level 10 of the Dungeon
  9562 | D:10     | Reached skill level 12 in Axes
  9712 | D:10     | Found a staircase to the Orcish Mines.
  9800 | D:10     | Noticed a two-headed ogre
  9809 | D:10     | Killed a two-headed ogre
 10402 | D:11     | Found a staircase to the Lair.
 10440 | D:11     | Noticed Maurice
 10454 | D:11     | Killed Maurice
 10516 | D:11     | Noticed a purple ugly thing
 10529 | D:11     | Killed a purple ugly thing
 10566 | D:11     | Found Jesch's Assorted Antiques.
 10594 | D:11     | Bought a scratched golden ring for 125 gold pieces
 10594 | D:11     | Bought a potion of heal wounds for 125 gold pieces
 11267 | D:11     | Noticed an orc knight
 11287 | D:11     | Reached XP level 12. HP: 58/108 MP: 2/12
 11644 | D:12     | Noticed a two-headed ogre
 11653 | D:12     | Killed a two-headed ogre
 12118 | D:12     | Reached skill level 13 in Axes
 13092 | D:13     | Noticed a centaur warrior
 13104 | D:13     | Killed a centaur warrior
 13691 | D:13     | Noticed a two-headed ogre
 13699 | D:13     | Killed a two-headed ogre
 13895 | D:14     | Noticed Josephine
 13908 | D:14     | Killed Josephine
 14424 | D:14     | Noticed a vault guard
 14447 | D:14     | Noticed a vault guard
 14452 | D:14     | Noticed a vault guard
 14452 | D:14     | Noticed an ogre mage
 14488 | D:14     | Killed an ogre mage
 14488 | D:14     | Reached XP level 13. HP: 36/116 MP: 15/15
 14826 | D:14     | Reached skill level 5 in Evocations
 14854 | D:14     | Found a gate to the Vaults.
 15781 | D:14     | Reached skill level 14 in Axes
 16453 | D:15     | Entered Level 15 of the Dungeon
 16681 | D:15     | Slain by an 11-headed hydra

Skill      XL: |  1  2  3  4  5  6  7  8  9 10 11 12 13 |
---------------+----------------------------------------+-----
Shields        | 4 5 8 9 10 11 12 | 12.3
Armour         | 4 5 10 11 12 13 | 13.0
Fighting       | 4 7 9 10 11 12 | 12.0
Axes           | 3 4 5 9 10 11 12 13 14 | 14.3
Dodging        | 1 5 7 8 9 |  9.6
Stealth        | 1 |  1.1
Evocations     | 1 2 4 5 |  5.6

Action                   |  1- 3 |  4- 6 |  7- 9 | 10-12 | 13-15 || total
-------------------------+-------+-------+-------+-------+-------++-------
Melee: War axe           |   122 |   168 |     7 |       |       ||   297
       Headbutt          |    17 |    22 |    17 |   232 |    32 ||   320
       Hand axe          |       |       |    73 |  1031 |    37 ||  1141
       Broad axe         |       |       |       |       |    83 ||    83
 Cast: Infusion          |       |       |       |     1 |       ||     1
Invok: Stomp             |       |       |       |    11 |       ||    11
       Line Pass         |       |       |       |     5 |     1 ||     6
Evoke: Wand              |       |       |       |    12 |       ||    12
  Use: Potion            |       |     5 |     2 |     8 |       ||    15
       Scroll            |       |       |       |    21 |       ||    21
 Stab: Paralysed         |       |       |       |    79 |    10 ||    89
       Confused          |       |       |       |     1 |       ||     1
  Eat: Ration            |     1 |     1 |     2 |     8 |     1 ||    13
       Chunk             |       |     2 |       |    12 |     3 ||    17
Armor: Scale mail        |    62 |    79 |    25 |   250 |    22 ||   438
Dodge: Dodged            |    44 |    55 |    35 |   342 |    48 ||   524
Block: Shield            |    78 |   123 |    51 |   473 |    68 ||   793
